AoeStats
← Mycorrhizal

Nomad

508731932Analyzed
3v3 RM · 8d ago on Sep 23, 2026· 47m 56s· 6 players
Game mode
Random Map
Map size
210×210
Population
200
Speed
Normal
Resources
Standard
Victory
Conquest
Starting age
Dark Age
Ending age
Imperial Age
RankedLock teamsTeams togetherTeam positionsShared explorationLock speedFull tech treeHidden civsTurbo modeCheats
Victory
Defeat
🇺🇸 Japanese · United States
1465
+12
🇨🇦 Mongols · Canada
1414
+14
🇹🇷 Huns · Türkiye
1390
+16
🇺🇦 Varangians · Ukraine
1385
-14
🇧🇾 Danes · Belarus
1379
-14
🇧🇾 Bohemians · Belarus
1372
-14
So sad
3:03 Loom
13:46 Feudal Age
15:20 Town Watch
18:25 Castle Age
16:47 Fishing Lines
18:29 Double-Bit Axe
18:59 Scale Barding Armor
19:08 Forging
23:21 Husbandry
25:55 Wheelbarrow
27:11 Iron Casting
26:57 Chain Barding Armor
30:24 Sanctity
34:41 Horse Collar
38:35 Coinage
42:39 Imperial Age
41:11 Scale Mail Armor
41:28 Pikeman
42:08 Squires
41:54 Arson
42:32 Hand Cart
42:56 Bow Saw
44:31 Conscription
43:47 Heavy Scorpion
46:36 Halberdier
47:43 Chain Mail Armor
NiL
5:23 Loom
13:18 Feudal Age
18:20 Castle Age
18:58 Fletching
19:36 Bodkin Arrow
30:01 Coinage
31:32 Fishing Lines
33:57 Horse Collar
34:42 Elite Skirmisher
35:29 Padded Archer Armor
36:29 Leather Archer Armor
38:05 Wheelbarrow
38:56 Ballistics
42:44 Scale Mail Armor
43:00 Forging
43:31 Gambesons
HURMA
4:23 Loom
13:39 Feudal Age
15:13 Fishing Lines
20:52 Castle Age
20:36 Scale Mail Armor
37:02 Double-Bit Axe
47:03 Wheelbarrow
Mycorrhizal
4:55 Loom
12:05 Feudal Age
17:34 Double-Bit Axe
19:25 Fletching
20:16 Padded Archer Armor
24:01 Town Watch
29:02 Castle Age
30:46 Bow Saw
30:58 Crossbowman
33:22 Horse Collar
37:26 Bodkin Arrow
39:02 Bloodlines
41:49 Wheelbarrow
42:19 Leather Archer Armor
42:13 Husbandry
47:12 Imperial Age
Edward Teach
4:24 Loom
12:51 Feudal Age
13:28 Double-Bit Axe
15:02 Fletching
17:09 Town Watch
23:10 Castle Age
23:49 Bodkin Arrow
24:05 Bow Saw
24:43 Husbandry
25:15 Bloodlines
26:52 Medium Warships
30:45 Padded Archer Armor
31:21 Ballistics
34:41 Wheelbarrow
35:58 Wheelbarrow
35:04 Horse Collar
37:20 Hand Cart
41:37 Imperial Age
39:33 Herbal Medicine
39:53 Thumb Ring
39:36 Treadmill Crane
40:44 Coinage
41:31 Yasama
41:48 Leather Archer Armor
42:54 Parthian Tactics
42:33 Bracer
43:22 Conscription
43:17 Siege Engineers
42:53 Heavy Cavalry Archer
45:00 Chemistry
44:54 Ring Archer Armor
45:57 Two-Man Saw
44:58 Heavy Plow
44:49 Gold Mining
45:59 Kataparuto
46:20 Capped Ram
47:30 Forging
47:25 Scale Barding Armor
46:41 Light Cavalry
48:08 Hoardings
48:18 Masonry
47:59 Guard Tower
47:55 Arrowslits
g_ermeric
5:09 Loom
15:10 Feudal Age
15:48 Double-Bit Axe
21:56 Scale Barding Armor
22:09 Fletching
24:22 Padded Archer Armor
26:13 Forging
29:15 Castle Age
28:23 Bloodlines
28:01 Horse Collar
30:19 Chain Barding Armor
29:55 Light Cavalry
30:38 Husbandry
37:17 Wheelbarrow
44:20 Imperial Age
42:34 Hand Cart
42:32 Heavy Plow
42:34 Town Watch
42:51 Gold Mining
45:07 Iron Casting
44:27 Cavalier
45:43 Plate Barding Armor
46:08 Conscription
45:55 Marauders
45:24 Elite Tarkan
46:29 Bow Saw
48:49 Blast Furnace
47:48 Bodkin Arrow
48:56 Gold Shaft Mining
49:21 Two-Man Saw
Connection lost

Rejoining the realm…

Still unreachable

The connection could not be restored.

Session expired

The server has moved on; the page needs a fresh start.